 Dungeon Crawl Stone Soup version 0.30-a0-422-g946f4849ff (webtiles) character file.

Game seed: 1826020716775246890

347 porpoise the Cleaver (level 6, 0/57 HPs)
             Began as a Hill Orc Monk on Dec 9, 2022.
             Slain by Eustachio
             ... wielding a +0 rapier of venom
              (5 damage)
             ... on level 4 of the Dungeon.
             The game lasted 00:11:57 (3114 turns).

porpoise the Cleaver (Hill Orc Monk)                Turns: 3114, Time: 00:11:58

Health: 0/57       AC:  7    Str: 16    XL:     6   Next: 59%
Magic:  6/6        EV: 11    Int: 10    God:
Gold:   165        SH:  0    Dex: 13    Spells: 5/5 levels left

rFire   . . .      SeeInvis .    a - +0 war axe
rCold   . . .      Faith    .    (no shield)
rNeg    . . .      Spirit   .    d - +0 ring mail
rPois   .          Reflect  .    c - +0 helmet
rElec   .          Harm     .    (no cloak)
rCorr   .          Rampage  .    f - +0 pair of gloves
Will    .....                    (no boots)
Stlth   +.........               (no amulet)
HPRegen 0.29/turn                (no ring)
MPRegen 0.10/turn                (no ring)

@: mighty, lethally poisoned (0 -> -6), flying, hasted, very quick
A: no striking features
a: no special abilities


You were on level 4 of the Dungeon.
You visited 1 branch of the dungeon, and saw 4 of its levels.

You collected 165 gold pieces.

Inventory:

Hand Weapons
 a - a +0 war axe (weapon)
 b - a +0 sling
 w - a +0 morningstar
Missiles
 l - 6 silver javelins
 s - 6 boomerangs
Armour
 c - a +0 helmet (worn)
 d - a +0 ring mail (worn)
 f - a +0 pair of gloves (worn)
 r - an orb of wrath
Scrolls
 h - 2 scrolls of teleportation {unknown}
 j - a scroll of immolation {unknown}
 k - a scroll of fog {unknown}
 n - a scroll of vulnerability {unknown}
 p - a scroll of enchant armour {unknown}
 q - a scroll of poison {unknown}
 t - a scroll of fear {unknown}
Potions
 e - a potion of might
 g - 2 potions of curing
 i - a potion of experience {unknown}
 m - 2 potions of flight
 o - a potion of haste


   Skills:
 + Level 5.7 Fighting
 * Level 8.1 Axes
 - Level 2.4 Dodging
 - Level 1.5 Stealth


You had 5 spell levels left.
You didn't know any spells.
Your spell library was empty.

Dungeon Overview and Level Annotations

Branches:
Dungeon (4/15)
 Temple: D:4-7

Altars:
Xom

Annotations:
D:4 Eustachio


Message History

Eustachio gestures wildly while chanting.
You closely miss Eustachio. You hit something.
Reactivating autopickup.
You feel a bit more experienced.
You hit the worm but do no damage. You closely miss Eustachio.
You slash the worm!
Eustachio casts a spell.
You closely miss the crimson imp. You closely miss Eustachio. You hit the worm.
You hit the river rat but do no damage. The worm bites you!
The crimson imp barely misses you.
Eustachio screams, "Hey, you killed my favourite bat!"
Eustachio hits you with a +0 rapier of venom.
You are poisoned.
You hit Eustachio but do no damage. You hit the worm. You slash the river rat!
You hit the crimson imp.
You feel very sick. The river rat bites you!
* * * LOW HITPOINT WARNING * * *
The crimson imp barely misses you.
Eustachio hits you with a +0 rapier of venom.
* * * LOW HITPOINT WARNING * * *
You are more poisoned.
You feel better. The worm bites you but does no damage.
The river rat bites you.
* * * LOW HITPOINT WARNING * * *
It was a potion of might.
You feel very mighty all of a sudden.
The crimson imp hits you but does no damage.
Eustachio hits you with a +0 rapier of venom.
* * * LOW HITPOINT WARNING * * *
You are poisoned.
Unknown command.
It was a potion of flight.
You feel very buoyant.
You fly up into the air.
* * * LOW HITPOINT WARNING * * *
You feel sick. The river rat closely misses you. The worm bites you.
* * * LOW HITPOINT WARNING * * *
The crimson imp hits you but does no damage.
Eustachio hits you with a +0 rapier of venom.
You die...

## ##w#
##@####..#
#@5r......
#..55bb.....#
#.#########.#
.. ##


You could see Eustachio, a worm, 2 crimson imps, a river rat (summoned), a white
imp (summoned) and 2 bats.

Vanquished Creatures
  2 orc priests (D:3)
  3 orc wizards
  5 gnolls
  4 adders
  5 worms
  3 dart slugs
  13 orcs
  2 ball pythons (D:2)
  3 endoplasms
  4 giant cockroaches
  12 goblins
  6 hobgoblins
  6 jackals
  4 quokkas
  9 bats
  12 kobolds
  5 rats
98 creatures vanquished.

Notes
Turn   | Place    | Note
-------+----------+-------------------------------------------
     0 | D:1      | porpoise the Hill Orc Monk began the quest for the Orb.
     0 | D:1      | Reached XP level 1. HP: 19/19 MP: 1/1
   152 | D:1      | Reached XP level 2. HP: 23/27 MP: 2/2
   560 | D:1      | Reached skill level 5 in Axes
   563 | D:1      | Reached XP level 3. HP: 31/33 MP: 3/3
   880 | D:1      | Reached XP level 4. HP: 29/41 MP: 4/4
  1045 | D:2      | Found a shimmering altar of Xom.
  1098 | D:2      | Reached skill level 6 in Axes
  1822 | D:2      | Reached XP level 5. HP: 42/47 MP: 5/5
  2005 | D:3      | Reached skill level 5 in Fighting
  2211 | D:3      | Reached skill level 7 in Axes
  2668 | D:3      | Reached XP level 6. HP: 55/56 MP: 6/6
  3100 | D:4      | Reached skill level 8 in Axes
  3104 | D:4      | Noticed Eustachio
  3114 | D:4      | Slain by Eustachio

Illustrated notes

Levels and vault maps discovered:
D:1:      eino_arrival_water_cross, layout_basic
D:2:      minmay_razor_zed, layout_basic, basic_altar
D:3:      layout_loops_ring
D:4:      layout_loops_ring, lemuel_crystal_altar,
          mainiacjoe_overflow_large_starburst, minmay_temple_entry_poolview,
          uniq_robin, uniq_eustachio

Skill      XL: |  1  2  3  4  5  6 |
---------------+-------------------+-----
Fighting       | 4 5 |  5.7
Axes           | 5 6 7 8 |  8.1
Dodging        | |  2.4
Stealth        | |  1.5

Action                   |  1- 3 |  4- 6 || total
-------------------------+-------+-------++-------
Melee: Hand axe          |   106 |   251 ||   357
       Punch             |     1 |     2 ||     3
       War axe           |       |    33 ||    33
 Fire: Sling             |     7 |     2 ||     9
  Use: Potion            |     1 |     5 ||     6
 Stab: Sleeping          |     1 |       ||     1
Armor: Ring mail         |    57 |   106 ||   163
Dodge: Dodged            |    73 |   136 ||   209

Table legend: (Time is in decaauts)
 A = Elapsed time spent in this place.
 B = Non-inter-level travel time spent in this place.
 C = Inter-level travel time spent in this place.
 D = Time resting spent in this place.
 E = Time spent auto-exploring this place.
 F = Levels seen in this place.
 G = Mean time per level.
                   A        B        C        D        E       F      G
               +--------+--------+--------+--------+--------+-----+--------+
         Total |   3112 |   3068 |     44 |    679 |   1566 |   4 |  778.0 |
       Dungeon |   3112 |   3068 |     44 |    679 |   1566 |   4 |  778.0 |
               +--------+--------+--------+--------+--------+-----+--------+

Top non-repeatable levels by time:
     D:3: 1125 daAuts
     D:2: 1019 daAuts
     D:1: 931 daAuts
     D:4: 36 daAuts
